Map: Hecate LE

Players

llllllllllll (herO) - Winner!

  • Race: Protoss Protoss
  • League: Grandmaster
  • Spawn Location: 1:00

GuMiho

  • Race: Terran Terran
  • Spawn Location: 7:00

VOD

Have the link to the VOD?

Description

Time

  • Played on: Oct. 9, 2023, 10:44 p.m.
  • Length: 8:48
Show
View Real Time Build Order
Export as new Build Order

llllllllllll Protoss - Winner!

Build Orders: 1 Gate Expand, Oracle Opening 

Get SALT Encoding   

  12  0:00  Probe  
  13  0:12  Probe  
  14  0:18  Pylon  
  14  0:24  Probe  
  15  0:38  Gateway, Probe (Chrono Boost)  
  15  0:42  Assimilator  
  17  0:50  Probe (Chrono Boost)  
  17  0:55  Probe (Chrono Boost)  
  18  1:04  Probe  
  19  1:16  Probe  
  20  1:25  Zealot, Cybernetics Core  
  22  1:37  Nexus  
  22  1:43  Pylon  
  22  1:46  Probe  
  23  1:51  Assimilator  
  23  1:59  Adept (Chrono Boost)  
  26  2:01  Probe  
  26  2:13  Probe  
  27  2:19  Adept (Chrono Boost)  
  27  2:20  Stargate  
  29  2:25  Probe  
  29  2:30  Warp Gate  
  29  2:42  Adept  
  31  2:49  Probe  
  30  3:00  Probe  
  30  3:01  Probe  
  30  3:02  Oracle (Chrono Boost)  
  35  3:12  Probe  
  36  3:13  Probe  
  37  3:24  Gateway  
  37  3:25  Probe x2  
  37  3:26  Gateway  
  39  3:29  Oracle (Chrono Boost)  
  42  3:38  Probe  
  42  3:39  Probe  
  44  3:43  Pylon  
  44  3:51  Probe x2  
  46  3:58  Assimilator, Oracle (Chrono Boost)  
  46  3:59  Assimilator  
  49  4:03  Probe x2  
  49  4:09  Pylon  
  51  4:11  Shield Battery  
  51  4:15  Probe x2  
  53  4:28  Probe x2  
  53  4:36  Stalker x3  
  59  4:40  Probe x2  
  59  4:44  Pylon  
  61  4:53  Probe  
  61  4:56  Probe  
  59  5:06  Probe  
  57  5:07  Nexus  
  57  5:08  Probe  
  57  5:11  Stalker x3  
  64  5:18  Probe  
  64  5:20  Probe  
  66  5:23  Shield Battery  
  66  5:32  Pylon  
  66  5:35  Pylon, Stalker x2  
  70  5:41  Twilight Council  
  70  5:48  Forge  
  70  5:50  Probe x2  
  70  5:55  Phoenix (Chrono Boost)  
  69  6:01  Stalker x3  
  72  6:07  Pylon  
  72  6:10  Pylon  
  72  6:11  Phoenix (Chrono Boost)  
  72  6:12  Gateway  
  72  6:14  Pylon  
  74  6:24  Pylon  
  70  6:29  Phoenix (Chrono Boost)  
  68  6:35  Protoss Ground Weapons Level 1, Stalker x3  
  74  6:49  Phoenix (Chrono Boost)  
  76  6:55  Nexus  
  76  6:58  Sentry  
  76  6:59  Zealot x2  
  82  7:06  Gateway, Phoenix (Chrono Boost)  
  80  7:26  Zealot x2  
  80  7:27  Zealot x2  
  80  7:29  Probe x2  
  86  7:30  Phoenix (Chrono Boost)  
  86  7:36  Twilight Council  
  86  7:37  Shield Battery  
  88  7:41  Probe x2  
  86  7:49  Stalker x3  
  90  7:53  Probe  
  90  7:54  Probe  
  91  8:06  Probe x2  
  91  8:10  Zealot  
  95  8:13  Probe  
  95  8:16  Zealot x3  
  102  8:24  Probe x2  
  100  8:25  Probe  
Show
View Real Time Build Order
Export as new Build Order

GuMiho Terran 

Build Orders: Cyclone Opening 

Get SALT Encoding   

  12  0:00  SCV  
  13  0:12  SCV  
  14  0:16  Supply Depot  
  14  0:24  SCV  
  14  0:27  Refinery  
  15  0:38  SCV  
  16  0:44  Barracks  
  16  0:50  SCV  
  17  1:02  SCV  
  18  1:14  SCV  
  19  1:30  Orbital Command  
  19  1:31  Marine  
  20  1:34  Factory, Supply Depot  
  20  1:49  Reaper  
  21  1:56  SCV  
  22  2:05  Command Center  
  23  2:08  SCV  
  23  2:17  Hellion  
  23  2:20  SCV  
  26  2:26  Barracks Reactor  
  26  2:27  Refinery  
  26  2:29  Supply Depot  
  26  2:32  SCV  
  27  2:38  Cyclone  
  29  2:44  SCV  
  28  2:57  SCV  
  28  3:00  Supply Depot  
  28  3:02  Marine x2  
  30  3:09  SCV, Starport  
  31  3:21  Marine x2, SCV  
  31  3:25  Widow Mine  
  36  3:33  SCV  
  37  3:39  Marine x2  
  39  3:45  SCV  
  39  3:47  Viking, Factory Tech Lab  
  40  3:57  Orbital Command, SCV, Marine x2  
  43  4:07  Siege Tank  
  46  4:12  SCV  
  46  4:15  Supply Depot, Marine x2  
  49  4:20  Medivac  
  51  4:24  SCV  
  51  4:30  SCV  
  53  4:34  Marine x2  
  53  4:36  SCV  
  53  4:38  Supply Depot  
  56  4:40  Siege Tank  
  56  4:44  SCV  
  60  4:48  SCV  
  59  4:54  Marine x2  
  59  4:56  SCV  
  51  5:09  SCV x2  
  51  5:12  Marine x2  
  51  5:13  Siege Tank  
  58  5:21  SCV x2  
  58  5:22  Viking  
  62  5:30  Supply Depot, Marine x2  
  62  5:33  SCV x2  
  66  5:45  SCV x2  
  66  5:47  Marine  
  66  5:48  Marine  
  59  5:58  SCV  
  59  5:59  Siege Tank  
  59  6:00  Starport Tech Lab  
  59  6:01  SCV  
  64  6:05  Marine x2  
  64  6:10  SCV  
  67  6:13  SCV  
  68  6:22  SCV  
  68  6:25  SCV  
  68  6:26  Bunker  
  68  6:30  Marine x2  
  65  6:33  Siege Tank  
  65  6:34  SCV  
  65  6:37  Command Center, SCV  
  67  6:42  Bunker  
  67  6:46  SCV  
  68  6:48  Banshee, Marine  
  68  6:49  SCV  
  68  6:51  Refinery  
  68  6:52  Refinery  
  73  6:54  Supply Depot  
  73  6:55  Supply Depot  
  73  6:58  SCV  
  73  6:59  Barracks  
  74  7:01  SCV  
  74  7:05  Barracks  
  74  7:08  Bunker  
  75  7:10  SCV  
  75  7:13  SCV  
  74  7:17  Marine x2  
  71  7:26  Siege Tank  
  66  7:35  Banshee, Marine  
  69  7:39  Marine  
  70  7:52  Marine x2  
  70  7:53  Marine  
  70  7:57  Marine  
  70  7:58  Orbital Command  
  72  8:02  SCV  
  71  8:10  Marine x2  
  73  8:16  SCV  
  74  8:23  Marine  
  74  8:28  Marine  
Tags
 
Add a new tag
Caveats
  • Supply blocks, unpowered buildings, or Contaminate may cause inaccurate times.
  • Supply counts are checked every 10 seconds.